 Dungeon Crawl Stone Soup version 0.29-a0-598-gd8304a5bf4 (webtiles) character file.

Game seed: 12546184794771580559

51 jifgo the Insei (level 3, -3/23 HPs)
             Began as an Octopode Transmuter on June 15, 2022.
             Slain by Jessica
             ... wielding a +7 spectral club
              (8 damage)
             ... on level 3 of the Dungeon.
             The game lasted 00:05:16 (2186 turns).

jifgo the Insei (Octopode Transmuter)               Turns: 2186, Time: 00:05:17

Health: -3/23      AC:  1    Str: 11    XL:     3   Next: 83%
Magic:  5/6        EV: 13    Int: 15    God:
Gold:   173        SH:  0    Dex: 12    Spells: 0/6 levels left

rFire   . . .      SeeInvis .     - Unarmed
rCold   . . .      Faith    .   (no shield)
rNeg    . . .      Spirit   .   (helmet currently unavailable)
rPois   .          Reflect  .   (no amulet)
rElec   .          Harm     .   (no ring)
rCorr   .          Rampage  .   (no ring)
Will    .....                   (no ring)
Stlth   +++.......              (no ring)
HPRegen 0.07/turn               (no ring)
MPRegen 0.10/turn               (no ring)
                                (no ring)
                                (no ring)

@: appendages
A: tentacle spike 3, almost no armour, amphibious, 8 rings, camouflage 1,
gelatinous body 1, (nimble swimmer 1), tentacles
a: End Transformation


You were on level 3 of the Dungeon.
One of your tentacles had grown a beastly spike.
You visited 1 branch of the dungeon, and saw 3 of its levels.

You collected 173 gold pieces.

Inventory:

Hand Weapons
 j - the +2 short sword "Qoneq" {vorpal, rC- Will+++ Str-5 Dex+9}
   (You found it on level 2 of the Dungeon)

   It inflicts extra damage upon your enemies.
   Str:       It affects your strength (-5).
   Dex:       It affects your dexterity (+9).
   rC:        It makes you vulnerable to cold.
   Will:      It greatly increases your willpower.
Missiles
 a - a throwing net
 d - 4 poisoned darts
Jewellery
 h - an amulet of guardian spirit
Scrolls
 c - 3 scrolls of identify {unknown}
 f - a scroll of teleportation {unknown}
 g - a scroll of vulnerability {unknown}
 i - a scroll of enchant armour {unknown}
Potions
 b - a potion of heal wounds {unknown}
 e - a potion of attraction {unknown}


   Skills:
 + Level 1.5 Fighting
 - Level 2.0 Dodging
 + Level 2.6 Stealth
 + Level 3.7 Unarmed Combat
 + Level 2.1 Spellcasting
 + Level 2.1 Transmutations


You couldn't memorise any spells.
You knew the following spells:

 Your Spells              Type           Power      Damage    Failure   Level
a - Beastly Appendage     Tmut           14%        N/A       10%         1
b - Wereblood             Tmut           7%         N/A       14%         2
c - Spider Form           Tmut/Pois      4%         N/A       38%         3

Your spell library contained the following spells:

 Spells                   Type           Power      Damage    Failure   Level
 Ice Form                 Ice/Tmut       4%         N/A       80%         4
 Alistair's Intoxication  Tmut/Pois      2%         N/A       98%         5
 Borgnjor's Vile Clutch   Necr/Erth      0%         N/A       99%         5
 Eringya's Noxious Bog    Tmut/Pois      2%         N/A       100%        6


Dungeon Overview and Level Annotations

Branches:
Dungeon (3/15)

Altars:

Annotations:
D:3 Jessica


Innate Abilities, Weirdness & Mutations

One of your tentacles has grown a beastly spike.
You cannot wear most types of armour.
You are amphibious.
You can wear up to eight rings at the same time.
Your skin changes colour to match your surroundings (Stealth+).
Your rubbery body absorbs attacks. (AC +1, EV +1)
((You are camouflaged when in or above water. (Stealth+)))
You have tentacles for arms and can constrict up to eight enemies at once.


Message History

The helpless frilled lizard fails to defend itself.
You bludgeon the frilled lizard!
You kill the frilled lizard!
You see here a frilled lizard corpse.
Done exploring.
Done exploring.
Done exploring.
There is a stone staircase leading down here.
You climb downwards.
Found an escape hatch in the ceiling.
There is a stone staircase leading up here.
Found a stone staircase leading down.
Jessica the Apprentice Sorceress comes into view.
She is wielding a +7 spectral club.
Casting: Beastly Appendage (safe; 10% risk of failure)
Confirm with . or Enter, or press ? or * to list all spells.
One of your tentacles grows a vicious spike.
Jessica shouts!
Found a mace.
Found a stone staircase leading down.
A kobold comes into view. It is wielding a +0 whip.
Jessica hits you with a +7 spectral club!
You closely miss Jessica.
The kobold shouts!
Your grab misses Jessica.
You pierce Jessica, but do no damage.
Your squeeze misses Jessica. You tentacle-slap Jessica.
Your grab misses Jessica.
You pierce Jessica.
Jessica is heavily wounded.
Jessica completely misses you.
You closely miss Jessica. Your grab misses Jessica.
Your tentacle spike misses Jessica.
Jessica is heavily wounded.
Jessica points at you and mumbles some strange words.
Pain shoots through your body!
Ouch! That really hurt!
* * * LOW HITPOINT WARNING * * *
You closely miss Jessica. You grab Jessica.
Jessica is heavily wounded.
You constrict Jessica, but do no damage.
A rat comes into view.
Jessica hits you with a +7 spectral club!
You die...

.. .. .#
### ...r.
.#.#
...###
###@K..)#
#>@.....#
#.######.#
#.#####
..#.....#
#...^..<#
#.#####.#
... #.#
.... #.#
..... #.#


You could see Jessica, a kobold and a rat.

Vanquished Creatures
  An adder (D:2)
  A dart slug (D:1)
  5 ball pythons
  3 bats
  3 endoplasms (D:1)
  2 goblins (D:1)
  6 hobgoblins
  3 jackals (D:1)
  4 kobolds
  A quokka (D:2)
  5 frilled lizards
  5 rats
39 creatures vanquished.

Notes
Turn   | Place    | Note
-------+----------+-------------------------------------------
     0 | D:1      | jifgo the Octopode Transmuter began the quest for the Orb.
     0 | D:1      | Reached XP level 1. HP: 13/13 MP: 3/3
     9 | D:1      | Noticed a bullfrog
    71 | D:1      | Reached skill level 1 in Stealth
    80 | D:1      | Reached XP level 2. HP: 3/18 MP: 3/5
   810 | D:1      | Reached XP level 3. HP: 23/23 MP: 6/6
   826 | D:1      | Found a faded altar of an unknown god.
   923 | D:1      | Learned a level 2 spell: Wereblood
   927 | D:1      | Learned a level 3 spell: Spider Form
  1705 | D:2      | Identified the +2 short sword "Qoneq" {vorpal, rC- Will+++
                  | Str-5 Dex+9}
  2177 | D:3      | Noticed Jessica
  2186 | D:3      | Slain by Jessica

Illustrated notes

Levels and vault maps discovered:
D:1:      evilmike_arrival_come_back, layout_basic,
          ebering_ecumenical_altar_sacrificial, minmay_tromino_mix6
D:2:      layout_basic
D:3:      minmay_razor_zed, layout_loops_ring, serial_shops, shop,
          uniq_crazy_yiuf_cottage, uniq_jessica, uniq_natasha

Skill      XL: |  1  2 |
---------------+-------+-----
Stealth        | 1 2 |  2.6
Fighting       | |  1.5
Dodging        | |  2.0
Unarmed Combat | |  3.7
Spellcasting   | |  2.1
Transmutations | |  2.1

Action                   || total
-------------------------++-------
Melee: Unarmed           ||    90
       Constrict         ||    23
       Kick              ||    15
       Tentacles         ||    12
       Punch             ||     3
 Cast: Beastly Appendage ||    10
  Use: Potion            ||     1
 Stab: Sleeping          ||     9
Armor: Skin              ||    24
Dodge: Dodged            ||    48

Table legend: (Time is in decaauts)
 A = Elapsed time spent in this place.
 B = Non-inter-level travel time spent in this place.
 C = Inter-level travel time spent in this place.
 D = Time resting spent in this place.
 E = Time spent auto-exploring this place.
 F = Levels seen in this place.
 G = Mean time per level.
                   A        B        C        D        E       F      G
               +--------+--------+--------+--------+--------+-----+--------+
         Total |   2179 |   2149 |     30 |    578 |   1046 |   3 |  726.3 |
       Dungeon |   2179 |   2149 |     30 |    578 |   1046 |   3 |  726.3 |
               +--------+--------+--------+--------+--------+-----+--------+

Top non-repeatable levels by time:
     D:2: 1117 daAuts
     D:1: 1048 daAuts
     D:3: 13 daAuts
